[Event "*** Titled Tuesday Blitz"]
[Site "Chess.com"]
[Date "2021.04.27"]
[Round "6"]
[White "esrosenberg"]
[Black "NoGalloNoParty"]
[Result "0-1"]
[WhiteElo "2208"]
[BlackElo "2355"]
[TimeControl "180+1"]
[EndTime "11:08:34 PDT"]
[Termination "NoGalloNoParty won by checkmate"]

1. Nf3 Nf6 2. c4 g6 3. Nc3 Bg7 4. e4 e5 5. Nxe5 O-O 6. d4 Re8 7. Bg5 c5 8. Nf3 cxd4 9. Nd5 Rxe4+ 10. Be2 Rg4 11. h4 Qa5+ 12. b4 Qd8 13. O-O h6 14. Nxf6+ Bxf6 15. Bxh6 Nc6 16. b5 Ne7 17. g3 d6 18. Ng5 Nf5 19. Bxg4 Nxh6 20. Bxc8 Qxc8 21. Nf3 Qh3 22. Nh2 Re8 23. Qf3 Be5 24. Qg2 Qe6 25.
Nf3 Qxc4 26. Nxe5 dxe5 27. Qxb7 Ng4 28. Qc6 Qxc6 29. bxc6 Rc8 30. Rfc1 d3 31. Rab1 e4 32. c7 Kg7 33. Rb8 d2 34. Rd1 Rxc7 35. Rxd2 Rc3 36. Kg2 Rf3 37. Re2 f5 38. Rb7+ Kh6 39. Rxa7 Rc3 40.
Ra5 e3 41. f3 Nf6 42. g4 fxg4 43. Kg3 gxf3 44. Kxf3 Nh5 45. Rxe3 Rc1 46. Ra6 Rh1 47. Kg2 Rxh4 48. Rh3 Rg4+ 49. Kh2 Rd4 50. Rh4 Rxh4+ 51. Kg2 Rc4 52. Ra3 Rc2+ 53. Kf3 Rb2 54. Ke3 Kg5 55.
Kd3 Kh4 56. Kc3 Rg2 57. Ra4+ Rg4 58. Rxg4+ Kxg4 59. a4 Kf5 60. a5 Nf6 61. a6 Nd5+ 62.
Kd4 Nc7 63. a7 g5 64. Ke3 Kg4 65. Ke4 Kh3 66. Ke5 g4 67. Kf6 g3 68. Ke7 g2 69.
Kd7 Na8 70. Kc8 g1=Q 71. Kb8 Qg2 72. Kc8 Kg4 73. Kb8 Kf5 74. Kc8 Ke6 75. Kb8 Kd6 76.
Kc8 Kc6 77. Kb8 Kb6 78. Kc8 Qb7+ 79. Kd8 Qc7+ 80. Ke8 Kc6 81. Kf8 Kd6 82. Kg8 Ke6 83. Kh8 Kf6 84. Kg8 Qg7# 0-1

[Event "*** Titled Tuesday Blitz"]
[Site "Chess.com"]
[Date "2021.04.27"]
[Round "6"]
[White "Vugar_Manafov"]
[Black "GM_dmitrij"]
[Result "0-1"]
[WhiteElo "2739"]
[BlackElo "2955"]
[TimeControl "180+1"]
[EndTime "11:08:47 PDT"]
[Termination "GM_dmitrij won by resignation"]

1. d4 Nf6 2. c4 e6 3. Nf3 b6 4. g3 Ba6 5. b3 Bb4+ 6. Bd2 Be7 7. Bg2 d5 8. O-O O-O 9. Nc3 c6 10. Rc1 dxc4 11. bxc4 Bxc4 12. Ne5 Qxd4 13. Nxc4 Qxc4 14. Nd5 exd5 15. Rxc4 dxc4 16. Qc2 b5 17. a4 a6 18. Ra1 Ra7 19. axb5 cxb5 20. Be3 Rd7 21. Bf4 Bd6 22. Be3 Be5 23. Ra2 Rfd8 24. h3 Nd5 25. Bxd5 Rxd5 26. Bb6 R8d7 27. Qe4 f5 28. Qxf5 g6 29.
Qe6+ Kg7 30. Kg2 Bf6 31. Be3 R5d6 32. Qe4 Re7 33. Qa8 Rd8 34. Bc5 Red7 35. Qe4 Rg8 36. h4 Rf7 37. h5 Nd7 38. hxg6 hxg6 39. Be3 b4 40. Qxc4 Rb8 41. Qxa6 b3 42. Rd2 b2 43.
Rd1 b1=Q 44. Rxb1 Rxb1 45. Qd6 Rb2 46. Qd3 Rb7 47. Qe4 Ne5 48. Bf4 Rbe7 49. Qd5 Nd7 50. Qf3 Re6 51. Qd3 Ne5 52. Qd5 Rfe7 53. Qc5 Nf7 54. e3 Be5 55. Bxe5+ Rxe5 56. Qd4 Kg8 57. Qg4 R5e6 58. Qd4 Ne5 59. Qe4 Kf7 60. Qd4 Nd7 61. Qf4+ Nf6 62. Qc4 Kg7 63. Qd4 Re5 64. Qc3 g5 65.
Qd4 g4 66. Qf4 Kg6 67. Qd4 Rf5 68. Qd3 Re5 69. Qd8 Kf7 70. Qc7+ Re7 71. Qc4+ Kg7 72. Kg1 Rh5 73. Qd4 Rd7 74. Qf4 Rd1+ 75. Kg2 Rdh1 76. Qc7+ Kg6 77. Qc2+ Kh6 0-1

[Event "*** Titled Tuesday Blitz"]
[Site "Chess.com"]
[Date "2021.04.27"]
[Round "6"]
[White "RobertoJBM"]
[Black "dropstoneDP"]
[Result "1-0"]
[WhiteElo "2739"]
[BlackElo "2909"]
[TimeControl "180+1"]
[EndTime "11:08:51 PDT"]
[Termination "RobertoJBM won by resignation"]

1. d4 e6 2. c4 Bb4+ 3. Bd2 Bxd2+ 4. Qxd2 Nf6 5. Nc3 d5 6. Nf3 O-O 7. e3 a6 8. c5 b6 9. cxb6 cxb6 10. Rc1 Bb7 11. Bd3 Nbd7 12. O-O Ne4 13. Qe2 Nd6 14. Rc2 Qe7 15. Rfc1 Rfc8 16. b3 h6 17. h3 Qd8 18.
Na4 Rxc2 19. Rxc2 Rc8 20. Ne1 a5 21. Nc3 e5 22. Nb5 Nxb5 23. Bxb5 exd4 24. Bxd7 Qxd7 25. Rxc8+ Qxc8 26. exd4 Qc1 27. g3 Bc8 28. Kg2 Bf5 29. Qe8+ Kh7 30. Qxf7 Bg6 31. Qe6 Be4+ 32. f3 Bb1 33.
Qe2 Qa3 34. Nd3 Qxa2 35. Qxa2 Bxa2 36. Nc1 Bb1 37. Kf2 Kg6 38. Ke3 b5 39. Kd2 Kf5 40.
Ne2 Ke6 41. Nc3 Bf5 42. g4 Bg6 43. Nxb5 Be8 44. Nc3 g5 45. Nd1 Kd6 46. Ne3 Bg6 47.
Kc3 Ke6 48. Nf1 h5 49. Ne3 h4 50. Kd2 Bh7 51. Nd1 Kd6 52. Nc3 Kc6 53. Ne2 Kd6 54. f4 gxf4 55. Nxf4 Be4 56. g5 Ke7 57. Kc3 Kf7 58. Kb2 Bf5 59. Ka3 Kg7 60. Ka4 Bc2 61.
Ka3 Bf5 62. Kb2 Kf7 63. Ka2 Kg7 64. Ka3 Kf7 65. Ka4 Bc2 66. Ka3 Kg7 67. b4 axb4+ 68. Kxb4 Be4 69. Kc5 Kf7 70. Kd6 Kg7 71. Ke5 Kf7 72.
Kd6 Kg7 73. Ke6 Bf3 74. Ke7 Bh1 75. Ke6 Bf3 76. Kf5 Kf7 77. g6+ Kg7 78. Kg5 Be4 79.
Nh5+ Kh8 80. Kf6 Kg8 81. Nf4 Bf3 82. g7 Be4 83. Ne6 Bg2 84. Ng5 Bf1 85. Nf7 Kh7 86.
Nh6 Kxh6 87. g8=Q Bd3 88. Qg5+ 1-0

[Event "*** Titled Tuesday Blitz"]
[Site "Chess.com"]
[Date "2021.04.27"]
[Round "6"]
[White "CrushingKings"]
[Black "sokidze"]
[Result "0-1"]
[WhiteElo "2518"]
[BlackElo "2698"]
[TimeControl "180+1"]
[EndTime "11:08:52 PDT"]
[Termination "sokidze won on time"]

1. e4 c6 2. Nf3 d5 3. Nc3 dxe4 4.
Nxe4 Nf6 5. Nxf6+ exf6 6. d4 Bd6 7. h3 O-O 8. Be2 Bf5 9. O-O Nd7 10. Be3 Qc7 11. Re1 Rfe8 12. c4 Rad8 13. Qb3 Nf8 14. Rad1 Ng6 15. Bf1 Qc8 16. Qa4 Bb8 17. d5 cxd5 18.
cxd5 Be4 19. Bxa7 Bc2 20. Qa5 Bxd1 21. Rxd1 Bxa7 22. Qxa7 Nf4 23. Qa5 Qc2 24. Rd2 Qc1 25. d6 h6 26. d7 Rf8 27. Qb5 Qc7 28. g3 Ne6 29. Bg2 b6 30. Kh2 Nc5 31. Rc2 Qxd7 32.
Qxb6 Ne6 33. b3 Rb8 34. Qe3 Rfc8 35. Rd2 Qc7 36. h4 Qc5 37. Qe2 h5 38. Bh3 Re8 39.
Qd3 Rbd8 40. Qe2 Rxd2 41. Qxd2 Qe7 42. b4 Rd8 43. Qb2 Qa7 44. b5 Qb6 45. a4 Nc5 46. Qb4 Nd3 47. Qd2 Nxf2 48. Qe2 Ng4+ 49. Bxg4 hxg4 50. Nd2 Qd4 51. Ne4 f5 52. Nf2 Qd2 53.
Qxd2 Rxd2 54. Kg1 Ra2 55. Nd3 Rxa4 56. Ne5 Rb4 57. Nc6 Rxb5 58. Ne7+ Kf8 59. Nc8 Rc5 60. Nd6 g6 61. Nb7 Rc6 62. Na5 Rb6 63. Nc4 Rb8 64. Ne3 Kg7 65. Nd5 Rd8 66. Nf4 Rd6 67. Kf2 Kf6 68. Ne2 Ra6 69. Nd4 Ra2+ 70.
Ke3 Ra3+ 71. Kf2 Kg7 72. Nc6 f4 73. gxf4 Rf3+ 74. Kg2 Rxf4 75. Ne5 Re4 76. Nd3 f5 77. Nc5 Rc4 78. Ne6+ Kf6 79. Ng5 f4 80. Kf2 Rc2+ 81. Ke1 Kf5 82. Nf7 Rh2 83. Nd6+ Ke5 84. Nf7+ Ke4 85.
Ng5+ Ke3 86. Kf1 f3 87. Kg1 g3 0-1

[Event "*** Titled Tuesday Blitz"]
[Site "Chess.com"]
[Date "2021.04.27"]
[Round "6"]
[White "AntonovaNadezhda"]
[Black "chessdiamant"]
[Result "1-0"]
[WhiteElo "2120"]
[BlackElo "2274"]
[TimeControl "180+1"]
[EndTime "11:09:11 PDT"]
[Termination "AntonovaNadezhda won by checkmate"]

1. d4 Nf6 2. c4 g6 3. Nc3 Bg7 4. e4 d6 5. h3 O-O 6. Be3 e5 7. d5 a5 8. g4 Na6 9. Bg2 Nd7 10. Nge2 Ndc5 11. Ng3 Nb4 12. Bxc5 dxc5 13. a3 Na6 14. O-O Qh4 15. Qd3 Bh6 16. Nce2 Bd7 17. f4 exf4 18. Nxf4 Rae8 19. Rae1 Re5 20. Qf3 Rg5 21. e5 Bxg4 22.
hxg4 Rxg4 23. Nfe2 Rxc4 24. d6 cxd6 25. exd6 Nb8 26.
Ne4 Bg7 27. Nf6+ Bxf6 28. Qxf6 Qxf6 29. Rxf6 Rc2 30. Nc3 Rxb2 31. Nd5 Nd7 32. Rf2 Kg7 33.
Rxb2 c4 34. Re7 Nc5 35. Rb6 Nd3 36. Nc3 Nc5 37. Rb5 Nd3 38. Rbxb7 h5 39. Bd5 Nc5 40. Rxf7+ Rxf7 41. Rxf7+ Kh6 42. d7 Kg5 43. Rf2 Nd3 44. d8=Q+ Kh6 45. Qf6 Nxf2 46. Qxf2 h4 47. Qe3+ g5 48.
Qd4 Kh5 49. Qxc4 h3 50. Bf3+ g4 51. Kh2 Kh6 52. Bxg4 Kg5 53. Kxh3 Kf6 54. Qd4+ Ke7 55. Qe5+ Kf7 56. Qf5+ Ke7 57. Qe6+ Kf8 58. Bf5 Kg7 59. Qf7+ Kxf7 60. Bd7 Ke7 61. Bb5 Kd6 62. a4 Kc5 63. Kg4 Kb4 64. Ne4 Kb3 65. Nf6 Kb4 66. Kf5 Kc5 67.
Ke5 Kb4 68. Ne4 Kb3 69. Nd6 Kb4 70. Nb7 Ka3 71. Nxa5 Kb4 72. Nc6+ Kc5 73. Ne7 Kb6 74. Nf5 Ka5 75. Kd5 Kb6 76. Nd4 Ka5 77. Nc6+ Kb6 78. Nd4 Ka5 79. Nb3+ Kb6 80. Kc4 Kb7 81. Kb4 Ka7 82.
a5 Kb7 83. Nc5+ Ka7 84. Na4 Kb8 85. Kc5 Ka7 86. Kc6 Kb8 87. Kb6 Ka8 88. Bc6+ Kb8 89. a6 Kc8 90. Bb7+ Kd8 91. a7 Kd7 92. a8=Q Kd6 93.
Qc8 Ke5 94. Qd7 Kf6 95. Qe8 Kf5 96. Qe7 Kf4 97. Qe6 Kg3 98. Qf5 Kh2 99. Qf2+ Kh3 100.
Qg2+ Kh4 101. Kc5 Kh5 102. Kd6 Kh4 103. Ke5 Kh5 104.
Kf5 Kh6 105. Qg6# 1-0

[Event "*** Titled Tuesday Blitz"]
[Site "Chess.com"]
[Date "2021.04.27"]
[Round "7"]
[White "RamyresCoelho"]
[Black "shreyansshah123"]
[Result "1-0"]
[WhiteElo "2174"]
[BlackElo "1691"]
[TimeControl "180+1"]
[EndTime "11:10:00 PDT"]
[Termination "RamyresCoelho won by resignation"]

1. e4 c5 2. Nf3 d6 3. d4 cxd4 4.
Nxd4 Nf6 5. Nc3 g6 6. f4 Bg7 7.
e5 dxe5 8. fxe5 Nd5 9. Bb5+ Bd7 10. Nxd5 Bxb5 11. Nxb5 e6 1-0

[Event "*** Titled Tuesday Blitz"]
[Site "Chess.com"]
[Date "2021.04.27"]
[Round "7"]
[White "Chessbard1972"]
[Black "Zallio"]
[Result "1-0"]
[WhiteElo "2256"]
[BlackElo "2071"]
[TimeControl "180+1"]
[EndTime "11:11:03 PDT"]
[Termination "Chessbard1972 won by resignation"]

1. e4 e6 2. d4 d5 3. e5 c5 4. dxc5 Nc6 5. Nf3 Bxc5 6. Bd3 Nge7 7. Bf4 Ng6 8. Bg3 Qb6 9. O-O Qxb2 10. Nbd2 Ncxe5 11. Nxe5 Nxe5 12. Rb1 Nxd3 13. Rxb2 Nxb2 14. Qg4 Kf8 15. Be5 1-0

[Event "*** Titled Tuesday Blitz"]
[Site "Chess.com"]
[Date "2021.04.27"]
[Round "7"]
[White "827883"]
[Black "InitiatingASC"]
[Result "1-0"]
[WhiteElo "2286"]
[BlackElo "2389"]
[TimeControl "180+1"]
[EndTime "11:11:27 PDT"]
[Termination "827883 won by resignation"]

1. e4 e5 2. Nf3 Nf6 3. Nxe5 d6 4. Nf3 Nxe4 5. Nc3 Nxc3 6. dxc3 Be7 7. Be3 Be6 8. Qd2 Qd7 9. O-O-O Nc6 10. Kb1 a6 11.
h4 O-O-O 12. Ng5 Bxg5 13. hxg5 Ne5 14. Qd4 Qb5 15. Bxb5 1-0

[Event "*** Titled Tuesday Blitz"]
[Site "Chess.com"]
[Date "2021.04.27"]
[Round "7"]
[White "Grandelicious"]
[Black "PavelShkapenko"]
[Result "1-0"]
[WhiteElo "2843"]
[BlackElo "2666"]
[TimeControl "180+1"]
[EndTime "11:11:30 PDT"]
[Termination "Grandelicious won by resignation"]

1. d4 Nf6 2. Nf3 e6 3. g3 c5 4. Bg2 Nc6 5. O-O cxd4 6. Nxd4 Qb6 7. Nb3 d5 8. Be3 Qd8 9. c4 dxc4 10. Qxd8+ Kxd8 11. N3d2 Nd5 12. Nxc4 Nxe3 13. Nxe3 Bc5 14. Nc4 Bd7 15. Nc3 Be7 16. Rfd1 Rc8 17. Bxc6 Rxc6 18. Ne5 1-0

[Event "*** Titled Tuesday Blitz"]
[Site "Chess.com"]
[Date "2021.04.27"]
[Round "7"]
[White "MuhittinBuker"]
[Black "Iball95"]
[Result "0-1"]
[WhiteElo "2217"]
[BlackElo "2625"]
[TimeControl "180+1"]
[EndTime "11:12:23 PDT"]
[Termination "Iball95 won by resignation"]

1. d4 d5 2. c4 e6 3. cxd5 exd5 4.
Nc3 c6 5. Nf3 Bf5 6. Ng1 Nd7 7.
Nf3 Bd6 8. Bf4 Bxf4 9. e3 Bd6 10.
Bd3 Bxd3 11. Qxd3 Ngf6 12. O-O O-O 13. e4 dxe4 14. Nxe4 Nxe4 15. Qxe4 Nf6 16. Qd3 Re8 17. Rfe1 Qa5 18. h3 h6 19. a3 Qd5 20. Re3 Rxe3 21.
fxe3 Re8 22. Rd1 Qe4 23. Qxe4 Nxe4 24. b4 f5 25. Rd3 g6 26. Ne1 Nf6 27. Nc2 Nd5 28. Kf2 f4 29. exf4 Nxf4 0-1

[Event "*** Titled Tuesday Blitz"]
[Site "Chess.com"]
[Date "2021.04.27"]
[Round "7"]
[White "Rodchenkov_Vitalij"]
[Black "nicoderboss24"]
[Result "1-0"]
[WhiteElo "2067"]
[BlackElo "2219"]
[TimeControl "180+1"]
[EndTime "11:12:25 PDT"]
[Termination "Rodchenkov_Vitalij won by resignation"]

1. Nf3 Nf6 2. c4 g6 3. Nc3 Bg7 4. e4 d6 5. d4 O-O 6. Be2 c5 7. O-O cxd4 8. Nxd4 Nc6 9. f3 Nxd4 10. Qxd4 a6 11. Be3 Ng4 12. Qd2 Nxe3 13. Qxe3 Qa5 14.
Rfc1 Be6 15. a3 b5 16. b4 Qb6 17. Qxb6 1-0

[Event "*** Titled Tuesday Blitz"]
[Site "Chess.com"]
[Date "2021.04.27"]
[Round "7"]
[White "vinniethepooh"]
[Black "Stormeman100100"]
[Result "1-0"]
[WhiteElo "2721"]
[BlackElo "2491"]
[TimeControl "180+1"]
[EndTime "11:12:44 PDT"]
[Termination "vinniethepooh won by resignation"]

1. d4 Nf6 2. c4 g6 3. Nc3 d5 4.
cxd5 Nxd5 5. Bd2 Bg7 6. e4 Nxc3 7. Bxc3 O-O 8. Qd2 c5 9. d5 Qd6 10. f4 e6 11. Bc4 exd5 12. Bxd5 Qe7 13. Nf3 Nc6 14. O-O Rd8 15. Bxg7 Kxg7 16. Qc3+ Kg8 17. Rad1 Nb4 18. Bxf7+ Kxf7 19. Ng5+ Ke8 20. Qh8+ 1-0

[Event "*** Titled Tuesday Blitz"]
[Site "Chess.com"]
[Date "2021.04.27"]
[Round "7"]
[White "AlexPapasimakopoulos"]
[Black "Jungle_Jaguar"]
[Result "1-0"]
[WhiteElo "2580"]
[BlackElo "2682"]
[TimeControl "180+1"]
[EndTime "11:13:00 PDT"]
[Termination "AlexPapasimakopoulos won by checkmate"]

1. d4 Nf6 2. c4 e6 3. Nc3 d5 4. cxd5 exd5 5. Bg5 c6 6. e3 Nbd7 7.
Bd3 Be7 8. Qc2 O-O 9. Nf3 Re8 10.
O-O Nf8 11. Rab1 Ne6 12. Bxf6 gxf6 13. b4 h6 14. Nh4 Ng7 15. b5 c5 16. dxc5 d4 17.
Rfd1 f5 18. Nxf5 dxc3 19. Nxh6+ Kf8 20. Bc4 Qc7 21. Qh7 Bf6 22. Qg8+ Ke7 23. Qxf7# 1-0

[Event "*** Titled Tuesday Blitz"]
[Site "Chess.com"]
[Date "2021.04.27"]
[Round "7"]
[White "Durarbayli"]
[Black "adriangschnitzer"]
[Result "1-0"]
[WhiteElo "2735"]
[BlackElo "2501"]
[TimeControl "180+1"]
[EndTime "11:13:00 PDT"]
[Termination "Durarbayli won by resignation"]

1. e4 c5 2. b3 e5 3. Bb2 Nc6 4. Bc4 d6 5. f4 exf4 6. Nf3 Nf6 7. O-O Be6 8. Nc3 Bxc4 9. bxc4 Ne5 10. d3 Nxf3+ 11. Qxf3 Be7 12. Qxf4 O-O 13. Rf3 Re8 14. Nd5 a6 15. Raf1 b5 16. Qg5 h6 17. Qg3 Nh5 18. Qg4 1-0

[Event "*** Titled Tuesday Blitz"]
[Site "Chess.com"]
[Date "2021.04.27"]
[Round "7"]
[White "1977Ivan"]
[Black "McCarthyStone"]
[Result "1-0"]
[WhiteElo "2646"]
[BlackElo "2349"]
[TimeControl "180+1"]
[EndTime "11:13:04 PDT"]
[Termination "1977Ivan won by resignation"]

1. e4 d6 2. d4 Nf6 3. Nc3 Nc6 4. f4 e5 5. d5 Nd4 6. Nf3 Bg4 7. Be3 Bxf3 8. gxf3 c5 9. dxc6 Qb6 10. Bxd4 exd4 11. cxb7 Rb8 12. Nb5 d5 13. Qxd4 Qxd4 14. Nxd4 dxe4 15. Bb5+ Nd7 16. Bc6 Bc5 17. O-O-O Rd8 18. Nf5 1-0

[Event "*** Titled Tuesday Blitz"]
[Site "Chess.com"]
[Date "2021.04.27"]
[Round "7"]
[White "ErikBlomqvist"]
[Black "MarcoRiehle"]
[Result "0-1"]
[WhiteElo "2583"]
[BlackElo "2715"]
[TimeControl "180+1"]
[EndTime "11:13:14 PDT"]
[Termination "MarcoRiehle won by resignation"]

1. e4 e5 2. Nf3 Nf6 3. Nxe5 Nxe4 4. Qe2 Qe7 5. Qxe4 d6 6. d4 dxe5 7. dxe5 Nc6 8. Bf4 g5 9. Be3 f5 10. Qd5 f4 11. Bd2 Be6 12. Qe4 O-O-O 13. Nc3 Nd4 0-1

[Event "*** Titled Tuesday Blitz"]
[Site "Chess.com"]
[Date "2021.04.27"]
[Round "7"]
[White "korkmaz16"]
[Black "lagedema"]
[Result "1/2-1/2"]
[WhiteElo "2426"]
[BlackElo "2572"]
[TimeControl "180+1"]
[EndTime "11:13:19 PDT"]
[Termination "Game drawn by repetition"]

1. e4 c5 2. Nc3 Nc6 3. f4 e6 4. Nf3 a6 5. d3 d5 6. g3 b5 7.
exd5 exd5 8. Bg2 Nf6 9. O-O Be7 10. Re1 O-O 11. Ne5 Bb7 12. Nxc6 Bxc6 13. Qf3 Rc8 14. Bd2 d4 15. Ne4 Nxe4 16. dxe4 c4 17. c3 Bc5 18. cxd4 Bxd4+ 19. Be3 Bxb2 20. Rad1 Qe7 21.
Qf2 Ba3 22. e5 Bxg2 23. Qxg2 Bc5 24. Qe4 b4 25. f5 c3 26. f6 gxf6 27. Qg4+ Kh8 28.
Bxc5 Qxc5+ 29. Kg2 fxe5 30. Qf5 c2 31. Qf6+ Kg8 32. Qg5+ Kh8 33. Qf6+ Kg8 34. Qg5+ Kh8 35. Qf6+ 1/2-1/2

[Event "*** Titled Tuesday Blitz"]
[Site "Chess.com"]
[Date "2021.04.27"]
[Round "7"]
[White "AEMEffi"]
[Black "DarZay"]
[Result "1-0"]
[WhiteElo "2311"]
[BlackElo "2158"]
[TimeControl "180+1"]
[EndTime "11:13:44 PDT"]
[Termination "AEMEffi won by checkmate"]

1. d4 d5 2. c4 e6 3. Nc3 Nf6 4.
cxd5 exd5 5. Bf4 Bb4 6. e3 Nc6 7. Rc1 Bf5 8. Bd3 Ne4 9. Ne2 g5 10. Bxe4 Bxe4 11. Bg3 Bxg2 12. Rg1 Bf3 13. Qb3 Bxe2 14.
Kxe2 h5 15. Nxd5 Ba5 16. Qxb7 Nxd4+ 17. exd4 O-O 18. Be5 Rb8 19. Nf6+ Qxf6 20. Bxf6 Rxb7 21. Rxg5+ Kh7 22. Rxa5 Rxb2+ 23. Kf3 Rc8 24. Rg1 Kh6 25. Bg7+ Kh7 26. Rxh5+ Kg8 27. Rh8# 1-0

[Event "*** Titled Tuesday Blitz"]
[Site "Chess.com"]
[Date "2021.04.27"]
[Round "7"]
[White "Arystanner"]
[Black "Kretov_Evgenij"]
[Result "1-0"]
[WhiteElo "2828"]
[BlackElo "2655"]
[TimeControl "180+1"]
[EndTime "11:13:50 PDT"]
[Termination "Arystanner won by resignation"]

1. e4 c5 2. Nf3 Nc6 3. Bb5 a6 4. Bxc6 dxc6 5. h3 e5 6. d3 Bd6 7. Be3 Ne7 8. Nc3 Ng6 9. Qd2 a5 10. a4 b6 11. b3 Qe7 12. O-O O-O 13. Nh2 f5 14. exf5 Bxf5 15. Rae1 Rae8 16. Ne4 Bc7 17.
Qc3 Qd7 18. Ng3 Bxh3 19. gxh3 Qxh3 20. Qc4+ Kh8 21. Qg4 Qxg4 22. Nxg4 Nh4 23. Re2 g6 24. Ne4 Rf7 25. Bg5 Nf3+ 26. Kg2 h5 27. Ngf6 Nxg5 28.
Nxe8 Nxe4 29. dxe4 Bd8 30. Nd6 Rd7 31. Nc4 1-0

[Event "*** Titled Tuesday Blitz"]
[Site "Chess.com"]
[Date "2021.04.27"]
[Round "7"]
[White "PolandHussars"]
[Black "anon6121824"]
[Result "0-1"]
[WhiteElo "2627"]
[BlackElo "2819"]
[TimeControl "180+1"]
[EndTime "11:13:51 PDT"]
[Termination "anon6121824 won by resignation"]

1. e4 Nf6 2. e5 Nd5 3. d4 Nb6 4. c4 d6 5. exd6 cxd6 6. Nc3 g6 7. Be3 Bg7 8. Rc1 O-O 9. b3 Bf5 10. h3 d5 11. c5 Nc8 12. Nf3 Nc6 13. Be2 e6 14.
O-O N8e7 15. a3 Be4 16. b4 Bxf3 17. Bxf3 Nf5 18. Ne2 Nh4 19. b5 Nxf3+ 20. gxf3 Ne7 21. f4 Nf5 22. Ng3 Qh4 23. Kg2 Rfc8 24. Qg4 Qxg4 25. hxg4 Nxd4 26. Bxd4 Bxd4 27. c6 bxc6 28. Rxc6 Rxc6 29.
bxc6 Rc8 30. Rc1 Bb2 31. Rc5 Bxa3 32. Ra5 Bd6 33. Rxa7 Rxc6 34. Ne2 Bc5 35. Ra8+ Kg7 36. Kf3 Rc7 37. g5 h6 38. gxh6+ Kxh6 39. Ng3 Bd6 40. Rd8 Rc3+ 41. Kg4 f5+ 42. Kh4 Be7+ 43. Kh3 Bxd8 0-1

[Event "*** Titled Tuesday Blitz"]
[Site "Chess.com"]
[Date "2021.04.27"]
[Round "7"]
[White "pastouche06"]
[Black "Valeron87"]
[Result "1-0"]
[WhiteElo "2567"]
[BlackElo "2413"]
[TimeControl "180+1"]
[EndTime "11:14:01 PDT"]
[Termination "pastouche06 won by resignation"]

1. d4 d5 2. c4 e6 3. Nc3 c6 4. e4 dxe4 5. Nxe4 Bb4+ 6. Bd2 Qxd4 7. Bxb4 Qxe4+ 8. Ne2 Na6 9. Bf8 Ne7 10. Bxg7 Nb4 11.
Bxh8 e5 12. Qd6 Nd3+ 13. Kd2 Bf5 14. Bf6 Nd5 15. cxd5 Qb4+ 16. Qxb4 1-0

[Event "*** Titled Tuesday Blitz"]
[Site "Chess.com"]
[Date "2021.04.27"]
[Round "7"]
[White "BanjoKazooieN64"]
[Black "gxbg2000"]
[Result "1-0"]
[WhiteElo "2502"]
[BlackElo "1964"]
[TimeControl "180+1"]
[EndTime "11:14:08 PDT"]
[Termination "BanjoKazooieN64 won by resignation"]

1. e4 g6 2. d4 Bg7 3. Nc3 c5 4. Be3 Nc6 5. d5 Nb8 6. f4 d6 7. Nf3 Bg4 8. h3 Bc8 9. Bb5+ Nd7 10. O-O Nf6 11. e5 Ng8 12. e6 fxe6 13. dxe6 Nf6 14. exd7+ Bxd7 15. Bxd7+ Qxd7 16. Nd5 O-O 17. Ng5 e6 18.
Nxf6+ Bxf6 19. c3 h6 20. Ne4 Be7 21. Qg4 Kh7 22. Rad1 Qc8 23. Nxd6 Bxd6 24. Rxd6 Qc7 25. Rfd1 Rf7 26. Qxe6 Raf8 27. Rd7 Rxd7 28. Rxd7+ 1-0

[Event "*** Titled Tuesday Blitz"]
[Site "Chess.com"]
[Date "2021.04.27"]
[Round "7"]
[White "LenkaPtacnikova"]
[Black "MaevskiyNikolay"]
[Result "1/2-1/2"]
[WhiteElo "2205"]
[BlackElo "2470"]
[TimeControl "180+1"]
[EndTime "11:14:13 PDT"]
[Termination "Game drawn by agreement"]

1. c4 Nc6 2. g3 g6 3. Bg2 Bg7 4. Nc3 d6 5. e4 h5 6. h4 e5 7.
Nge2 Nge7 8. d3 Be6 9. Nd5 a5 10. Bg5 Bxd5 11. cxd5 Nd4 12. Nxd4 exd4 13. Qa4+ Qd7 14.
Qxd7+ Kxd7 15. Bh3+ Ke8 16. Rc1 c5 17. dxc6 Nxc6 18.
Bd2 a4 19. f4 Ra6 20. Rc2 Rb6 21. a3 Ke7 22. Ke2 Ra8 23. Rhc1 Raa6 1/2-1/2

[Event "*** Titled Tuesday Blitz"]
[Site "Chess.com"]
[Date "2021.04.27"]
[Round "7"]
[White "UmbertoConcelli"]
[Black "topin8"]
[Result "1-0"]
[WhiteElo "2803"]
[BlackElo "2296"]
[TimeControl "180+1"]
[EndTime "11:14:24 PDT"]
[Termination "UmbertoConcelli won by resignation"]

1. d4 Nf6 2. Nf3 e6 3. c4 d5 4.
Nc3 Bb4 5. cxd5 exd5 6. Bg5 h6 7.
Bxf6 Qxf6 8. Qa4+ Nc6 9. e3 O-O 10. Rc1 a6 11. a3 Bxc3+ 12. Rxc3 Bd7 13. Qd1 Rfe8 14. Be2 Bf5 15. O-O Be4 16. Nd2 Rac8 17. Nxe4 dxe4 18. Qb3 b5 19. Rfc1 Ne7 20. Rxc7 Rxc7 21.
Rxc7 Nf5 22. g3 Rf8 23. Qd5 Re8 24. Rc6 Qg5 25. h4 Nxg3 26. hxg5 1-0

[Event "*** Titled Tuesday Blitz"]
[Site "Chess.com"]
[Date "2021.04.27"]
[Round "7"]
[White "Oleksandr_Bortnyk"]
[Black "MITerryble"]
[Result "1-0"]
[WhiteElo "2969"]
[BlackElo "2892"]
[TimeControl "180+1"]
[EndTime "11:14:27 PDT"]
[Termination "Oleksandr_Bortnyk won by resignation"]

1. e4 e6 2. Nf3 d5 3. e5 b6 4. d4 Qd7 5. c3 Ba6 6. Bxa6 Nxa6 7. Qd3 Nb8 8. O-O c5 9. a4 Nc6 10. Bd2 c4 11. Qe2 Na5 12. Bg5 h6 13. Bh4 Ne7 14. Bxe7 Bxe7 15. Nbd2 O-O 16. Ne1 Rae8 17. f4 f5 18.
exf6 Rxf6 19. g3 g5 20. Nef3 gxf4 21. Ne5 Qc8 22. Qh5 Bf8 23. Ng4 Rf5 24. Qg6+ Kh8 25. Nf6 Rxf6 26. Qxf6+ Bg7 27. Qxf4 e5 28. dxe5 Nc6 29.
Nf3 Nxe5 30. Nxe5 Rxe5 31. Rae1 Rg5 32. Qf7 Kh7 33. Re8 1-0

[Event "*** Titled Tuesday Blitz"]
[Site "Chess.com"]
[Date "2021.04.27"]
[Round "7"]
[White "Alextorngren"]
[Black "metalbattler"]
[Result "1-0"]
[WhiteElo "2295"]
[BlackElo "2145"]
[TimeControl "180+1"]
[EndTime "11:14:32 PDT"]
[Termination "Alextorngren won by checkmate"]

1. d4 d5 2. c4 c6 3. Nc3 Nf6 4. cxd5 cxd5 5. f3 Nc6 6. e4 e6 7. e5 Ng8 8. f4 Nh6 9. Nf3 Nf5 10. g4 Nh4 11. Be3 Nxf3+ 12. Qxf3 Qb6 13. O-O-O Bb4 14. Nb5 a6 15. Nd6+ Bxd6 16. exd6 O-O 17. f5 Nb4 18. Kb1 Qxd6 19. f6 Bd7 20. fxg7 Rfc8 21. Bd3 Bb5 22. Bxh7+ Kxh7 23. Qxf7 Rc7 24. g8=Q# 1-0

[Event "*** Titled Tuesday Blitz"]
[Site "Chess.com"]
[Date "2021.04.27"]
[Round "7"]
[White "Lyschko"]
[Black "karwowskikacper"]
[Result "1-0"]
[WhiteElo "2294"]
[BlackElo "2403"]
[TimeControl "180+1"]
[EndTime "11:14:36 PDT"]
[Termination "Lyschko won by resignation"]

1. c4 Nf6 2. Nc3 e6 3. e4 d6 4. Nf3 Be7 5. d4 O-O 6. Be2 a6 7. O-O c6 8. h3 b5 9. d5 exd5 10. exd5 b4 11. Na4 cxd5 12. cxd5 Bb7 13. Bc4 Nbd7 14.
Be3 Rc8 15. b3 Re8 16. Qd2 Bf8 17. Qxb4 Ba8 18. Qd2 Ne4 19. Qd3 a5 20. Rac1 Ndf6 21. Nb6 Rb8 22. Nxa8 Rxa8 23. Bb5 Re7 24. Nd4 Nxd5 25.
Nc6 Nb4 26. Nxe7+ Bxe7 27. Qxe4 1-0

[Event "*** Titled Tuesday Blitz"]
[Site "Chess.com"]
[Date "2021.04.27"]
[Round "7"]
[White "grandcoach"]
[Black "KetiGrant"]
[Result "0-1"]
[WhiteElo "2242"]
[BlackElo "2362"]
[TimeControl "180+1"]
[EndTime "11:14:37 PDT"]
[Termination "KetiGrant won by checkmate"]

1. e4 c5 2. b4 cxb4 3. a3 e6 4. axb4 Bxb4 5. c3 Be7 6. d4 d6 7. Bd3 Nf6 8. f4 Nc6 9. Nd2 O-O 10. Ngf3 Ng4 11. Nf1 f5 12. e5 dxe5 13. fxe5 b6 14.
h3 Nh6 15. Ne3 Bh4+ 16. Nxh4 Qxh4+ 17. Kf1 Bb7 18. Kg1 f4 19. Nc4 Ne7 20. Nd6 Bd5 21. c4 Bc6 22. Qc2 Qe1+ 23. Kh2 Qg3+ 24. Kg1 Nhf5 25. Bd2 Qxg2# 0-1